[ AOE2 MATCH · #463521945 ]
1v1 RMBengalis vs Aztecs
Player's team · LOSS
Rival team · WIN
[ REPLAY ANALYSIS · EXTRACTED FROM THE RECORDED GAME ]
Feudal
10:25
Castle
19:39
Imperial
25:37
| APM avg | 21.4 |
| APM peak | 57 |
| eAPM avg | 17.5 |
| Villagers / military | 130 / 161 |
Focus
⚔️ 38.2% · 🌾 61.8%
Skirmisher ×102 · Battle Elephant ×21 · Scout Cavalry ×20 · Ratha (Ranged) ×8 · Spearman ×6 · Trebuchet (Packed) ×2
Feudal
12:08
Castle
19:23
Imperial
31:55
| APM avg | 21.2 |
| APM peak | 65 |
| eAPM avg | 13.9 |
| Villagers / military | 130 / 130 |
Focus
⚔️ 19.7% · 🌾 80.3%
Eagle Scout ×74 · Spearman ×45 · Trebuchet (Packed) ×7 · Monk ×4
Match map
Initial resources + every placement click. Lines = walls · curves = elevation contours. ◆ gold · ⬟ stone · ● berries · ✦ relic · ◌ wall gap
Inputs per minute
— benedikt.bitter - - Azrahel
Build order — benedikt.bitter
First 150 of 482 actions detected
| 0:10 | Build | House |
| 0:11 | Build | House |
| 0:14 | Create | Villager (Male) |
| 0:14 | Create | Villager (Male) |
| 0:14 | Create | Villager (Male) |
| 0:15 | Create | Villager (Male) |
| 0:15 | Create | Villager (Male) |
| 0:27 | Research | Loom |
| 2:01 | Create | Villager (Male) |
| 2:09 | Create | Villager (Male) |
| 2:17 | Build | Mill |
| 2:28 | Create | Villager (Male) |
| 2:28 | Create | Villager (Male) |
| 3:19 | Create | Villager (Male) |
| 3:19 | Create | Villager (Male) |
| 3:39 | Build | House |
| 3:39 | Build | House |
| 3:42 | Create | Villager (Male) |
| 4:05 | Create | Villager (Male) |
| 4:24 | Create | Villager (Male) |
| 4:24 | Create | Villager (Male) |
| 4:25 | Create | Villager (Male) |
| 5:15 | Create | Villager (Male) |
| 5:16 | Create | Villager (Male) |
| 6:06 | Create | Villager (Male) |
| 6:06 | Create | Villager (Male) |
| 6:07 | Create | Villager (Male) |
| 6:30 | Build | Lumber Camp |
| 6:52 | Create | Villager (Male) |
| 7:21 | Create | Villager (Male) |
| 7:32 | Create | Villager (Male) |
| 8:15 | Research | Feudal Age |
| 8:25 | Build | Mining Camp |
| 8:33 | Build | House |
| 8:35 | Build | House |
| 9:19 | Create | Villager (Male) |
| 9:41 | Create | Villager (Male) |
| 10:25 | Age | Feudal Age |
| 10:42 | Research | Double-Bit Axe |
| 10:43 | Research | Horse Collar |
| 11:05 | Build | Market |
| 11:11 | Create | Villager (Male) |
| 11:25 | Create | Villager (Male) |
| 11:25 | Create | Villager (Male) |
| 11:51 | Build | Blacksmith |
| 12:14 | Build | Farm |
| 12:14 | Build | Farm |
| 12:16 | Build | Farm |
| 12:37 | Build | Farm |
| 12:40 | Create | Villager (Male) |
| 13:04 | Build | Farm |
| 13:05 | Build | Farm |
| 13:08 | Create | Villager (Male) |
| 13:11 | Create | Villager (Male) |
| 13:20 | Build | Farm |
| 13:32 | Build | Farm |
| 13:37 | Create | Villager (Male) |
| 13:45 | Build | Farm |
| 13:52 | Build | House |
| 13:54 | Build | House |
| 13:55 | Build | House |
| 14:04 | Create | Villager (Male) |
| 14:14 | Build | Farm |
| 14:23 | Build | Farm |
| 14:40 | Build | Farm |
| 14:43 | Create | Villager (Male) |
| 15:01 | Build | Farm |
| 15:07 | Create | Villager (Male) |
| 15:15 | Build | Farm |
| 15:25 | Build | House |
| 15:33 | Build | House |
| 15:36 | Build | House |
| 15:44 | Create | Villager (Male) |
| 15:54 | Create | Villager (Male) |
| 16:04 | Build | Farm |
| 16:10 | Create | Villager (Male) |
| 16:16 | Build | Farm |
| 16:27 | Build | Farm |
| 16:35 | Build | Farm |
| 16:41 | Research | Castle Age |
| 16:56 | Create | Villager (Male) |
| 17:26 | Build | Barracks |
| 17:53 | Build | Mining Camp |
| 18:00 | Create | Villager (Male) |
| 18:18 | Build | House |
| 18:25 | Build | House |
| 18:27 | Build | House |
| 19:39 | Age | Castle Age |
| 19:42 | Build | Town Center |
| 20:08 | Create | Villager (Male) |
| 20:43 | Build | Monastery |
| 20:47 | Create | Villager (Male) |
| 20:50 | Create | Villager (Male) |
| 20:51 | Create | Villager (Male) |
| 20:56 | Create | Villager (Male) |
| 21:09 | Create | Villager (Male) |
| 21:10 | Create | Villager (Male) |
| 21:22 | Build | University |
| 21:28 | Create | Villager (Male) |
| 21:31 | Create | Monk |
| 21:49 | Build | Mining Camp |
| 21:56 | Create | Villager (Male) |
| 21:57 | Research | Imperial Age |
| 21:59 | Create | Villager (Male) |
| 22:01 | Create | Villager (Male) |
| 22:14 | Research | Gold Mining |
| 22:54 | Create | Villager (Male) |
| 22:54 | Create | Villager (Male) |
| 22:55 | Research | Town Watch |
| 23:12 | Build | Town Center |
| 23:22 | Create | Villager (Male) |
| 23:31 | Create | Villager (Male) |
| 23:31 | Create | Villager (Male) |
| 23:51 | Build | Stable |
| 23:52 | Build | Stable |
| 23:59 | Research | Bow Saw |
| 24:00 | Research | Heavy Plow |
| 24:37 | Create | Villager (Male) |
| 24:38 | Create | Villager (Male) |
| 24:41 | Create | Villager (Male) |
| 24:45 | Create | Villager (Male) |
| 25:09 | Build | Castle |
| 25:19 | Create | Villager (Male) |
| 25:36 | Create | Villager (Male) |
| 25:37 | Age | Imperial Age |
| 25:40 | Create | Villager (Male) |
| 25:42 | Create | Villager (Male) |
| 25:52 | Build | Farm |
| 25:52 | Build | Farm |
| 25:52 | Build | Farm |
| 25:52 | Build | Farm |
| 25:54 | Build | Farm |
| 25:54 | Build | Farm |
| 25:56 | Build | Farm |
| 25:56 | Build | Farm |
| 25:57 | Build | Farm |
| 25:57 | Build | Farm |
| 26:02 | Create | Villager (Male) |
| 26:03 | Create | Villager (Male) |
| 26:05 | Create | Villager (Male) |
| 26:06 | Create | Villager (Male) |
| 26:27 | Create | Battle Elephant |
| 26:30 | Create | Trebuchet (Packed) |
| 26:41 | Create | Villager (Male) |
| 26:44 | Create | Villager (Male) |
| 27:03 | Build | Farm |
| 27:04 | Build | Farm |
| 27:04 | Build | Farm |
| 27:04 | Build | Farm |
| 27:04 | Build | Farm |
Build order — Azrahel
First 150 of 318 actions detected
| 0:01 | Create | Villager (Male) |
| 0:01 | Research | Loom |
| 0:02 | Create | Villager (Male) |
| 0:02 | Create | Villager (Male) |
| 0:02 | Create | Villager (Male) |
| 0:02 | Create | Villager (Male) |
| 0:18 | Build | House |
| 0:19 | Build | House |
| 0:20 | Build | House |
| 0:22 | Build | House |
| 1:45 | Build | Lumber Camp |
| 2:08 | Create | Villager (Male) |
| 2:09 | Create | Villager (Male) |
| 2:51 | Create | Villager (Male) |
| 2:51 | Create | Villager (Male) |
| 2:52 | Create | Villager (Male) |
| 3:43 | Create | Villager (Male) |
| 3:43 | Create | Villager (Male) |
| 3:44 | Create | Villager (Male) |
| 4:17 | Create | Villager (Male) |
| 4:17 | Create | Villager (Male) |
| 4:34 | Create | Villager (Male) |
| 4:34 | Create | Villager (Male) |
| 4:35 | Create | Villager (Male) |
| 5:01 | Create | Villager (Male) |
| 5:01 | Create | Villager (Male) |
| 5:55 | Create | Villager (Male) |
| 5:55 | Create | Villager (Male) |
| 5:55 | Create | Villager (Male) |
| 5:55 | Create | Villager (Male) |
| 6:52 | Create | Villager (Male) |
| 6:52 | Create | Villager (Male) |
| 6:52 | Create | Villager (Male) |
| 6:53 | Create | Villager (Male) |
| 7:08 | Build | Mill |
| 7:18 | Create | Villager (Male) |
| 7:18 | Create | Villager (Male) |
| 7:19 | Create | Villager (Male) |
| 8:09 | Create | Villager (Male) |
| 8:09 | Create | Villager (Male) |
| 8:36 | Create | Villager (Male) |
| 8:37 | Create | Villager (Male) |
| 8:37 | Create | Villager (Male) |
| 8:37 | Create | Villager (Male) |
| 8:37 | Create | Villager (Male) |
| 9:16 | Build | Barracks |
| 9:41 | Build | Lumber Camp |
| 9:57 | Research | Feudal Age |
| 10:06 | Build | Mining Camp |
| 10:34 | Build | House |
| 10:36 | Build | House |
| 10:37 | Build | House |
| 10:40 | Build | House |
| 11:01 | Create | Villager (Male) |
| 11:55 | Create | Villager (Male) |
| 12:08 | Age | Feudal Age |
| 12:11 | Research | Horse Collar |
| 12:12 | Research | Double-Bit Axe |
| 12:14 | Create | Villager (Male) |
| 12:34 | Create | Villager (Male) |
| 12:58 | Build | House |
| 12:59 | Build | House |
| 13:01 | Build | House |
| 13:35 | Build | Blacksmith |
| 13:37 | Build | Market |
| 13:43 | Create | Villager (Male) |
| 13:48 | Build | Farm |
| 13:49 | Build | Farm |
| 13:51 | Build | Farm |
| 13:52 | Build | Farm |
| 13:59 | Create | Villager (Male) |
| 13:59 | Create | Villager (Male) |
| 13:59 | Create | Villager (Male) |
| 14:13 | Build | Farm |
| 14:21 | Build | Farm |
| 14:25 | Build | Farm |
| 14:27 | Create | Villager (Male) |
| 15:05 | Build | Farm |
| 15:13 | Build | Farm |
| 15:15 | Create | Villager (Male) |
| 15:23 | Build | Mining Camp |
| 15:37 | Build | Farm |
| 16:03 | Build | Barracks |
| 16:17 | Create | Villager (Male) |
| 16:30 | Build | Farm |
| 16:35 | Research | Castle Age |
| 16:35 | Research | Castle Age |
| 16:51 | Build | Farm |
| 17:01 | Research | Stone Mining |
| 17:12 | Create | Spearman |
| 17:45 | Research | Forging |
| 17:46 | Research | Forging |
| 18:14 | Research | Scale Mail Armor |
| 18:14 | Research | Scale Mail Armor |
| 18:21 | Create | Spearman |
| 18:27 | Create | Spearman |
| 18:27 | Create | Spearman |
| 18:56 | Create | Villager (Male) |
| 19:23 | Age | Castle Age |
| 19:25 | Research | Pikeman (upgrade) |
| 19:31 | Create | Spearman |
| 19:50 | Create | Villager (Male) |
| 19:55 | Build | Monastery |
| 20:30 | Build | Castle |
| 20:45 | Create | Villager (Male) |
| 20:48 | Research | Gold Mining |
| 20:52 | Create | Monk |
| 20:52 | Create | Monk |
| 20:52 | Create | Monk |
| 20:55 | Create | Villager (Male) |
| 21:05 | Build | Mining Camp |
| 21:10 | Research | Fletching |
| 21:13 | Create | Villager (Male) |
| 21:20 | Build | Town Center |
| 21:22 | Build | Farm |
| 21:23 | Create | Villager (Male) |
| 21:38 | Create | Villager (Male) |
| 21:47 | Build | Farm |
| 21:59 | Create | Villager (Male) |
| 22:29 | Create | Villager (Male) |
| 22:29 | Create | Villager (Male) |
| 22:37 | Build | Town Center |
| 22:47 | Create | Monk |
| 23:07 | Create | Villager (Male) |
| 23:11 | Research | Heavy Plow |
| 23:18 | Research | Bow Saw |
| 23:30 | Create | Villager (Male) |
| 23:38 | Create | Villager (Male) |
| 23:38 | Create | Villager (Male) |
| 23:41 | Build | Farm |
| 24:02 | Build | Farm |
| 24:06 | Create | Villager (Male) |
| 24:06 | Create | Villager (Male) |
| 24:12 | Build | Town Center |
| 24:17 | Create | Villager (Male) |
| 24:18 | Create | Villager (Male) |
| 24:40 | Build | Farm |
| 24:48 | Create | Villager (Male) |
| 24:48 | Create | Villager (Male) |
| 25:02 | Create | Villager (Male) |
| 25:02 | Create | Villager (Male) |
| 25:03 | Create | Villager (Male) |
| 25:03 | Create | Villager (Male) |
| 25:24 | Create | Villager (Male) |
| 25:25 | Create | Villager (Male) |
| 25:25 | Create | Villager (Male) |
| 25:25 | Create | Villager (Male) |
| 25:30 | Build | Farm |
| 25:35 | Build | Farm |
| 26:07 | Build | Castle |
Match timeline
| 9:16 | Azrahel · first_building Barracks |
| 10:25 | benedikt.bitter · age_up feudal |
| 12:08 | Azrahel · age_up feudal |
| 17:26 | benedikt.bitter · first_building Barracks |
| 19:23 | Azrahel · age_up castle |
| 19:39 | benedikt.bitter · age_up castle |
| 19:55 | Azrahel · first_building Monastery |
| 20:30 | Azrahel · first_building Castle |
| 20:43 | benedikt.bitter · first_building Monastery |
| 23:51 | benedikt.bitter · first_building Stable |
| 24:48 | benedikt.bitter · first_market_buy 100 stone |
| 24:52 | benedikt.bitter · first_market_sell 100 wood |
| 25:09 | benedikt.bitter · first_building Castle |
| 25:37 | benedikt.bitter · age_up imperial |
| 28:35 | Azrahel · first_market_buy 100 food |
| 30:18 | Azrahel · first_building Siege Workshop |
| 31:55 | Azrahel · age_up imperial |
| 31:57 | Azrahel · first_building Archery Range |
| 37:03 | benedikt.bitter · first_building Archery Range |
| 43:55 | benedikt.bitter · resign |
[ AI ANALYSIS · 1 CREDIT ]
What really happened in this match?
Wolo.gg analyzes every decision: build order, eco, micro, common mistakes by bracket. Personalized analysis on WhatsApp or Discord in 30 seconds.
Civ guide
Bengalis
Map guide
Arena
Perfil
Jugador #3519454